 Dungeon Crawl Stone Soup version 0.32-a0-391-gce5c0aab1b (webtiles) character file.

Game seed: 7996765884268564728

129 Bravepunisher the Ducker (level 4, -1/36 HPs)
             Began as a Spriggan Monk on Feb 19, 2024.
             Was a Follower of Okawaru.
             Slain by a gnoll
             ... wielding a +3 flail of holy wrath
              (7 damage)
             ... on level 3 of the Dungeon.
             The game lasted 00:07:30 (2323 turns).

Bravepunisher the Ducker (Spriggan Monk)            Turns: 2323, Time: 00:07:30

Health: -1/36      AC: 22    Str:  7    XL:     4   Next: 88%
Magic:  7/7        EV:  4    Int: 17    God:    Okawaru [*.....]
Gold:   129        SH:  0    Dex: 19    Spells: 3/3 levels left

rFire   . . .        a - +0 short sword
rCold   . . .        (no shield)
rNeg    . . .        b - melded +0 robe
rPois   +            k - melded +0 hat
rElec   .            (cloak currently unavailable)
rCorr   .            (gloves unavailable)
SInv    +            (boots unavailable)
Will    .....        (no amulet)
Stlth   ++           f - +6 ring of intelligence
HPRegen 0.26/turn    (no ring)
MPRegen 0.10/turn

%: no passive effects
@: tree-form (expiring)
A: stationary, stasis, torment immunity, boosted hp, very small, no large
weapons, unfitting armour, see invisible, (speed 3)
a: Renounce Religion, Heroism


You were on level 3 of the Dungeon.
You worshipped Okawaru.
Okawaru was aware of your devotion.
You were a tree.
You visited 2 branches of the dungeon, and saw 6 of its levels.

You collected 129 gold pieces.

Inventory:

Hand Weapons
 a - a +0 short sword (weapon)
Armour
 b - a +0 robe (melded)
 k - a +0 hat (melded)
Jewellery
 f - a +6 ring of intelligence (left branch)
Scrolls
 d - a scroll of fear {unknown}
 g - 2 scrolls of revelation {unknown}
 i - a scroll of amnesia {unknown}
 j - 2 scrolls of identify {unknown}
 m - 4 scrolls of poison {unknown}
 o - a scroll of silence {unknown}
 q - a scroll of vulnerability {unknown}
 r - a scroll of enchant armour {unknown}
Potions
 c - a potion of ambrosia
 e - a potion of resistance {unknown}
 h - a potion of brilliance {unknown}
 l - a potion of lignification
 n - a potion of enlightenment {unknown}
 p - a potion of curing


   Skills:
 + Level 3.1 Fighting
 - Level 3.2 Short Blades
 + Level 5.2 Dodging
 * Level 2.9 Invocations


You had 3 spell levels left.
You didn't know any spells.
Your spell library was empty.

Dungeon Overview and Level Annotations

Branches:
Dungeon (5/15)             Temple (1/1) D:5

Altars:
Cheibriados
Elyvilon
Fedhas
Gozag
Hepliaklqana
Kikubaaqudgha
Nemelex Xobeh
Okawaru
Ru
Sif Muna
Uskayaw
Zin
The Shining One


Innate Abilities, Weirdness & Mutations

You are a tree.
Your roots penetrate the ground, keeping you stationary.
You cannot be teleported.
You are immune to unholy pain and torment.
Your maximum health is greatly increased.
Your equipment is partially melded.
You are very small and have problems with some larger weapons.
You are too small for most types of armour.
You have supernaturally acute eyesight. (SInv)
((You cover ground extremely quickly. (Speed+++)))


Message History

You hit the gnoll but do no damage.
The gnoll is almost dead.
The gnoll hits you but does no damage.
You hit the gnoll.
You kill the gnoll!
Okawaru accepts your kill.
You hit the orc.
The orc is lightly wounded.
The orc hits you but does no damage.
You hit the orc.
The orc is moderately wounded.
The orc hits you but does no damage.
You hit the orc.
The orc is severely wounded.
You closely miss the orc.
The orc is severely wounded.
The orc hits you but does no damage.
You closely miss the orc.
The orc is severely wounded.
The orc hits you but does no damage.
You closely miss the orc.
The orc is severely wounded.
The orc hits you but does no damage.
You hit the orc.
You kill the orc!
Okawaru accepts your kill.
You hit the gnoll.
The gnoll is lightly wounded.
You hit the gnoll.
The gnoll is moderately wounded.
The gnoll hits you with a +3 flail of holy wrath!
* * * LOW HITPOINT WARNING * * *
You completely miss the gnoll.
The gnoll is moderately wounded.
Your transformation is almost over.
The gnoll hits you but does no damage.
You hit the gnoll.
The gnoll is heavily wounded.
The gnoll hits you with a +3 flail of holy wrath!
You die...

#.##.###### #.o..
..##......# ...♣
#.##......# ....
#.##......# ## ..#
..........# #.#...
.####.....# #.#.#
.######..## #..#
...# ##.##### #g#
.#.# #......# #♣#
.#^####..###.###.#
########
.#.##.........##.#
#.......
##.##.#.#####....#
#.#####. #....#.#
#.####
#####.#####.
####....# #.#
#........##. #
##.#.# #.#
#.###.#..(#. #
#.#.#####.# #.#
#.#..... #
#.........#
######.# #.......


You could see a gnoll.

Vanquished Creatures
  2 gnolls (D:3)
  3 adders (D:2)
  A dart slug (D:2)
  2 orcs (D:3)
  4 endoplasms
  A giant cockroach (D:3)
  7 goblins
  4 hobgoblins
  2 kobolds
  2 quokkas (D:1)
  6 ball pythons
  3 bats
  6 frilled lizards (D:1)
  3 rats
46 creatures vanquished.

Notes
Turn   | Place    | Note
-------+----------+-------------------------------------------
     0 | D:1      | Bravepunisher the Spriggan Monk began the quest for the
                  | Orb.
     0 | D:1      | Reached XP level 1. HP: 11/11 MP: 2/2
   113 | D:3      | Noticed a bombardier beetle
   452 | D:4      | Noticed an iguana
   458 | D:5      | Entered Level 5 of the Dungeon
   458 | D:5      | Noticed a hound
   462 | D:5      | Found a staircase to the Ecumenical Temple.
   471 | Temple   | Entered the Ecumenical Temple
   480 | Temple   | Became a worshipper of Warmaster Okawaru
   480 | Temple   | Reached * piety under Okawaru
   480 | Temple   | Reached ** piety under Okawaru
   544 | D:3      | Reached XP level 2. HP: 13/16 MP: 3/3
   733 | D:1      | Reached skill level 1 in Invocations
   883 | D:1      | Reached XP level 3. HP: 18/19 MP: 3/5
  1508 | D:2      | Reached XP level 4. HP: 11/23 MP: 3/6
  1605 | D:2      | Reached skill level 5 in Dodging
  2323 | D:3      | Slain by a gnoll

Illustrated notes

Levels and vault maps discovered:
D:1:      minmay_arrival_loop, layout_loops_ring
D:2:      layout_loops_ring, nicolae_underground_beach
D:3:      layout_loops_cross, nicolae_overflow_hidden_temple,
          ebering_ecumenical_altar_petrified
D:4:      layout_rooms, uniq_robin
D:5:      layout_gridville, minmay_temple_entry_waves, uniq_eustachio
Temple:   dshaligram_water_room_temple

Skill      XL: |  1  2  3  4 |
---------------+-------------+-----
Invocations    | 1 2 |  2.9
Dodging        | 5 |  5.2
Fighting       | 3 |  3.1
Short Blades   | |  3.2

Action                     |  1- 3 |  4- 6 || total
---------------------------+-------+-------++-------
  Melee: Short sword       |   106 |    98 ||   204
 Invoke: Heroism           |     1 |     2 ||     3
    Use: Potion            |       |     2 ||     2
   Stab: Sleeping          |       |     2 ||     2
 Armour: Robe              |    25 |    16 ||    41
         Skin              |       |    11 ||    11
  Dodge: Dodged            |    82 |    54 ||   136

Table legend: (Time is in decaauts)
 A = Elapsed time spent in this place.
 B = Non-inter-level travel time spent in this place.
 C = Inter-level travel time spent in this place.
 D = Time resting spent in this place.
 E = Time spent auto-exploring this place.
 F = Levels seen in this place.
 G = Mean time per level.
                   A        B        C        D        E       F      G
               +--------+--------+--------+--------+--------+-----+--------+
         Total |   1574 |   1517 |     57 |      0 |    895 |   6 |  262.3 |
       Dungeon |   1562 |   1510 |     52 |      0 |    895 |   5 |  312.4 |
        Temple |     12 |      8 |      4 |      0 |      0 |   1 |   12.0 |
               +--------+--------+--------+--------+--------+-----+--------+

Top non-repeatable levels by time:
     D:1: 632 daAuts
     D:2: 521 daAuts
     D:3: 355 daAuts
     D:4: 35 daAuts
     D:5: 17 daAuts
  Temple: 12 daAuts
